 Dungeon Crawl Stone Soup version 0.22.0-38-g04b72b8 (webtiles) character file.

1119 poirepourri the Cleaver (level 8, -3/68 HPs)
             Began as a Deep Dwarf Fighter on Aug 29, 2018.
             Was a Follower of Makhleb.
             Killed by divine providence
             ... invoked by an orc priest
              (10 damage)
             ... on level 7 of the Dungeon.
             The game lasted 00:03:18 (2347 turns).

poirepourri the Cleaver (Deep Dwarf Fighter)        Turns: 2347, Time: 00:03:19

Health: -3/68      AC: 10    Str: 21    XL:     8   Next: 12%
Magic:  7/7        EV:  7    Int: 10    God:    Makhleb [*.....]
Gold:   172        SH: 11    Dex: 14    Spells: 7/7 levels left

rFire    . . .     SeeInvis .   p - +1 hand axe (freeze)
rCold    . . .     Gourm    .   c - +2 shield
rNeg     . . .     Faith    .   b - +0 scale mail
rPois    .         Spirit   .   (no helmet)
rElec    .         Reflect  .   h - +0 cloak
rCorr    .         Harm     .   l - +1 pair of gloves
MR       +....                  (no boots)
Stlth    ..........             (no amulet)
HPRegen  0.00/turn              i - +2 ring of intelligence
MPRegen  0.10/turn              (no ring)

@: lethally poisoned (-3 -> -3), berserk cooldown, non-regenerating, slowed,
very slow
A: damage resistance, heal wounds, sense surroundings 1, no regeneration
a: Heal Wounds, Renounce Religion


You were on level 7 of the Dungeon.
You worshipped Makhleb.
Makhleb was aware of your devotion.
You were not hungry.

You visited 1 branch of the dungeon, and saw 5 of its levels.

You collected 172 gold pieces.

Inventory:

Hand Weapons
 a - a +0 war axe
 p - a +1 hand axe of freezing (weapon)
Missiles
 k - 10 bolts
Armour
 b - a +0 scale mail (worn)
 c - a +2 shield (worn)
 h - a +0 cloak (worn)
 l - a +1 pair of gloves (worn)
Jewellery
 i - a +2 ring of intelligence (left hand)
 m - a +3 ring of dexterity {unknown}
 o - a +4 ring of intelligence
Scrolls
 e - 2 scrolls of remove curse
Potions
 j - a potion of flight {unknown}
Comestibles
 f - 3 rations


   Skills:
 - Level 2.6 Fighting
 + Level 10.6 Axes
 - Level 3.2 Armour
 - Level 3.2 Shields


You had 7 spell levels left.
You didn't know any spells.
Your spell library was empty.

Dungeon Overview and Level Annotations

Branches:
Dungeon (4/15)
 Temple: D:4-7

Altars:
Fedhas
Makhleb
Wu Jian

Annotations:
D:4 3 runed doors, feelmyfire's ghost, amateur TeSu


Innate Abilities, Weirdness & Mutations

You are resistant to damage.
You can heal yourself by infusing magical energy.
You passively map a small area around you.
You do not regenerate.


Message History

You block the wyvern skeleton's attack.
You slash the wyvern skeleton!
The wyvern skeleton is almost destroyed.
The wyvern skeleton barely misses you.
You slash the wyvern skeleton!
You destroy the wyvern skeleton!
Makhleb accepts your kill.
You feel a strong urge to attack something.
Found an escape hatch in the floor.
Found a stone staircase leading up.
You start waiting.
You are no longer berserk.
You are exhausted.
You feel yourself slow down.
You start waiting.
An orc priest comes into view. It is wielding a dagger.
An orc priest is nearby!
The orc priest shouts!
You hear a shout! x2
The orc priest calls down the wrath of Beogh upon you.
Beogh smites you!
You die...

* #..#........#
#..l...# ,
#...#.##.#..#
#.#..#... ,
#...#.##.#..###.#..#
.
#..,............#....
* ..
.................. ,
, *
#o#####.#.####..##.$,
, .......#(####..#...
* #.....).......# *
#.#@#.####..... ,
#.#.#.# *, ### ,, *
,* **#,.>..# * *
..#..# , #.....# * *
* #.#.#..,, * *
,<.<....# * * ... .##
* , ** , ,


You could see an orc priest.

Vanquished Creatures
  An orc warrior (D:7)
  A centaur (D:7)
  2 bullfrogs (D:7)
  A wyvern skeleton (D:7)
  6 killer bees (D:7)
  A howler monkey (D:3)
  2 hounds
  4 orc priests
  Jessica (D:2)
  An iguana (D:7)
  Terence (D:3)
  3 gnolls (D:3)
  8 adders
  An ooze (D:2)
  A worm (D:3)
  4 dart slugs
  3 leopard geckos
  12 orcs
  5 bats
  5 giant cockroaches
  15 goblins
  5 hobgoblins
  2 jackals (D:2)
  2 quokkas
  3 frilled lizards
  10 kobolds
  A leopard gecko skeleton (D:4)
  7 rats
108 creatures vanquished.

Vanquished Creatures (others)
  3 fungi (D:4)
  A plant (D:4)
4 creatures vanquished.

Grand Total: 112 creatures vanquished

Notes
Turn   | Place    | Note
-------+----------+-------------------------------------------
     0 | D:1      | poirepourri the Deep Dwarf Fighter began the quest for the Orb.
     0 | D:1      | Reached XP level 1. HP: 20/20 MP: 1/1
    94 | D:1      | Reached skill level 3 in Axes
    94 | D:1      | Reached XP level 2. HP: 22/27 MP: 2/2
   519 | D:2      | Reached skill level 4 in Axes
   519 | D:2      | Reached XP level 3. HP: 33/33 MP: 3/3
  1055 | D:2      | Noticed Jessica
  1067 | D:2      | Killed Jessica
  1067 | D:2      | Reached skill level 5 in Axes
  1067 | D:2      | Reached XP level 4. HP: 34/40 MP: 4/4
  1448 | D:3      | Reached XP level 5. HP: 46/46 MP: 5/5
  1451 | D:3      | Reached skill level 6 in Axes
  1521 | D:3      | Noticed Terence
  1527 | D:3      | Killed Terence
  1566 | D:3      | Reached skill level 7 in Axes
  1566 | D:3      | Reached XP level 6. HP: 26/55 MP: 6/6
  1716 | D:3      | Found a blossoming altar of Fedhas.
  2015 | D:4      | Found a burning altar of Makhleb.
  2035 | D:4      | Became a worshipper of Makhleb the Destroyer
  2038 | D:4      | Found an ornate altar of the Wu Jian Council.
  2159 | D:4      | Found a runed gate.
  2161 | D:4      | Found a runed gate.
  2161 | D:4      | Found a runed gate.
  2162 | D:4      | Noticed feelmyfire's ghost (amateur TeSu)
  2204 | D:4      | Reached skill level 8 in Axes
  2243 | D:4      | You fall through a shaft for 3 floors!
  2246 | D:7      | Noticed an orc warrior
  2267 | D:7      | Reached XP level 7. HP: 41/61 MP: 7/7
  2276 | D:7      | Reached skill level 9 in Axes
  2320 | D:7      | Reached * piety under Makhleb
  2320 | D:7      | Reached skill level 10 in Axes
  2329 | D:7      | Reached XP level 8. HP: 14/68 MP: 7/7
  2347 | D:7      | Killed from afar by an orc priest

Skill      XL: |  1  2  3  4  5  6  7 |
---------------+----------------------+-----
Axes           | 3 4 5 7 8 10 | 10.6
Fighting       | |  2.6
Armour         | |  3.2
Shields        | |  3.2

Action                   |  1- 3 |  4- 6 |  7- 9 || total
-------------------------+-------+-------+-------++-------
Melee: War axe           |   112 |   102 |       ||   214
       Hand axe          |       |    90 |    36 ||   126
 Abil: Heal Wounds       |     1 |     3 |     2 ||     6
  Use: Scroll            |     2 |     3 |     2 ||     7
       Potion            |       |     2 |     2 ||     4
  Eat: Ration            |       |     2 |       ||     2
Armor: Scale mail        |    66 |    70 |    27 ||   163
Dodge: Dodged            |    45 |    55 |    25 ||   125
Block: Shield            |    68 |    99 |    42 ||   209
